 Dungeon Crawl Stone Soup version 0.31-a0-1522-g43313d8a59 (webtiles) character file.

Game seed: 698277814108819488

31 senseless the Ducker (level 3, -2/35 HPs)
             Began as a Gnoll Monk on Dec 30, 2023.
             Slain by a gnoll
             ... wielding a +0 short sword
              (7 damage)
             ... on level 2 of the Dungeon.
             The game lasted 00:02:17 (803 turns).

senseless the Ducker (Gnoll Monk)                    Turns: 803, Time: 00:02:18

Health: -2/35      AC:  2    Str: 12    XL:     3   Next: 22%
Magic:  3/4        EV: 15    Int:  9    God:
Gold:   109        SH:  0    Dex: 14    Spells: 3/3 levels left

rFire   . . .        a - +0 mace
rCold   . . .        d - orb {light}
rNeg    . . .        b - +0 robe
rPois   .            (no helmet)
rElec   .            (no cloak)
rCorr   .            (no gloves)
SInv    .            (no boots)
Will    .....        (no amulet)
Stlth   +            (no ring)
HPRegen 0.25/turn    (no ring)
MPRegen 0.09/turn

%: no passive effects
@: glowing
A: fangs 1, strong nose, distributed training
a: no special abilities


You were on level 2 of the Dungeon.
You visited 1 branch of the dungeon, and saw 2 of its levels.

You collected 109 gold pieces.

Inventory:

Hand Weapons
 a - a +0 mace (weapon)
Armour
 b - a +0 robe (worn)
 d - an orb of light (worn)
 j - a +0 buckler of reflection
Scrolls
 e - a scroll of teleportation {unknown}
 g - a scroll of poison {unknown}
 h - 2 scrolls of identify {unknown}
 i - a scroll of enchant armour {unknown}
Potions
 c - a potion of ambrosia
 f - a potion of curing {unknown}


   Skills:
 + Level 6.5 Fighting
 + Level 0.7 Short Blades
 + Level 0.7 Long Blades
 + Level 0.7 Axes
 + Level 6.5 Maces & Flails
 + Level 0.7 Polearms
 + Level 0.7 Staves
 + Level 0.7 Ranged Weapons
 + Level 0.7 Throwing
 + Level 0.7 Armour
 + Level 6.5 Dodging
 + Level 0.7 Stealth
 + Level 0.7 Shields
 + Level 0.7 Unarmed Combat
 + Level 0.7 Spellcasting
 + Level 0.5 Conjurations
 + Level 0.5 Hexes
 + Level 0.5 Summonings
 + Level 0.5 Necromancy
 + Level 0.5 Translocations
 + Level 0.5 Fire Magic
 + Level 0.5 Ice Magic
 + Level 0.5 Air Magic
 + Level 0.5 Earth Magic
 + Level 0.5 Alchemy
 + Level 0.9 Invocations
 + Level 0.7 Evocations
 + Level 0.6 Shapeshifting


You had 3 spell levels left.
You didn't know any spells.
Your spell library contained the following spells:

 Spells                   Type           Power      Damage    Failure   Level
 Alistair's Intoxication  Alch           0%         N/A       100%        5
 Borgnjor's Vile Clutch   Necr/Erth      0%         N/A       100%        5
 Eringya's Noxious Bog    Alch           0%         4d6       100%        6


Dungeon Overview and Level Annotations

Branches:
Dungeon (2/15)

Altars:


Innate Abilities, Weirdness & Mutations

You have very sharp teeth.
Your uncanny sense of smell can sniff out nearby items.
Your experience applies equally to all skills.


Message History

Increase (S)trength, (I)ntelligence, or (D)exterity?
You feel stronger. x2
The gnoll attacks as it pursues you!
The gnoll hits you with a +0 short sword.
The gnoll attacks as it pursues you!
The gnoll hits you with a +0 short sword.
A gnoll comes into view. It is wielding a +0 spear.
The gnoll shouts!
You enter a dispersal trap!
The gnoll blinks! x2; You blink.
The gnoll hits you from afar with a +0 spear.
The gnoll closely misses you.
Found a scroll labelled YHIERI APPU.
The gnoll attacks as it pursues you! The gnoll misses you.
The gnoll attacks as it pursues you!
The gnoll hits you with a +0 short sword.
The gnoll attacks as it pursues you! The gnoll misses you.
The gnoll attacks as it pursues you! The gnoll barely misses you.
There is an open door here.
You hit the gnoll.
The gnoll is heavily wounded.
The gnoll hits you with a +0 short sword.
* * * LOW HITPOINT WARNING * * *
The gnoll barely misses you.
You hit the gnoll. Your bite misses the gnoll.
The gnoll is severely wounded.
The gnoll hits you with a +0 short sword.
* * * LOW HITPOINT WARNING * * *
The gnoll hits you from afar with a +0 spear.
* * * LOW HITPOINT WARNING * * *
The gnoll attacks as it pursues you! The gnoll misses you.
You see here a scroll labelled YHIERI APPU.
You hit the gnoll. You bite the gnoll, but do no damage.
The gnoll is almost dead.
The gnoll closely misses you.
The gnoll hits you with a +0 short sword.
* * * LOW HITPOINT WARNING * * *
You barely miss the gnoll.
The gnoll is almost dead.
The gnoll completely misses you.
The gnoll hits you with a +0 short sword!
You die...

∆ # #.# .# #.. .# #..
#'## #..## ##...##
#.... ##.....## #..##
##g@.....#
#####...####........$#
...........gg........+
#####...####.........#
#.^## ##.......## #.##
##.....## ∆ #§#
##...## #.#
########'## #§#
#.....g..#


You could see 3 gnolls.

Vanquished Creatures
  A gnoll (D:2)
  A dart slug (D:1)
  2 ball pythons (D:1)
  An endoplasm (D:1)
  A giant cockroach (D:2)
  4 goblins
  A hobgoblin (D:1)
  3 quokkas
  A frilled lizard (D:2)
  A kobold (D:1)
  A rat (D:2)
17 creatures vanquished.

Notes
Turn   | Place    | Note
-------+----------+-------------------------------------------
     0 | D:1      | senseless the Gnoll Monk began the quest for the Orb.
     0 | D:1      | Reached XP level 1. HP: 23/23 MP: 1/1
   226 | D:1      | Reached XP level 2. HP: 21/29 MP: 2/2
   789 | D:2      | Reached XP level 3. HP: 28/35 MP: 2/4
   803 | D:2      | Slain by a gnoll

Illustrated notes

Levels and vault maps discovered:
D:1:      dpeg_arrival_pond, layout_basic
D:2:      layout_loops_corners, dreamdust_wishing_well

Action                     || total
---------------------------++-------
  Melee: Mace              ||    49
         Bite              ||     4
 Armour: Robe              ||    27
  Dodge: Dodged            ||    44

Table legend: (Time is in decaauts)
 A = Elapsed time spent in this place.
 B = Non-inter-level travel time spent in this place.
 C = Inter-level travel time spent in this place.
 D = Time resting spent in this place.
 E = Time spent auto-exploring this place.
 F = Levels seen in this place.
 G = Mean time per level.
                   A        B        C        D        E       F      G
               +--------+--------+--------+--------+--------+-----+--------+
         Total |    806 |    756 |     50 |      0 |    610 |   2 |  403.0 |
       Dungeon |    806 |    756 |     50 |      0 |    610 |   2 |  403.0 |
               +--------+--------+--------+--------+--------+-----+--------+

Top non-repeatable levels by time:
     D:1: 578 daAuts
     D:2: 228 daAuts
